 Dungeon Crawl Stone Soup version 0.30-a0-7-g94fe547ab8 (webtiles) character file.

Game seed: 17999233036873005904

142 Plasmagod the Insei (level 5, -1/37 HPs)
             Began as a Merfolk Transmuter on Aug 23, 2022.
             Was a Believer of Fedhas.
             Slain by a black bear (3 damage)
             ... on level 4 of the Dungeon.
             The game lasted 00:05:37 (3439 turns).

Plasmagod the Insei (Merfolk Transmuter)            Turns: 3439, Time: 00:05:38

Health: -1/37      AC:  6    Str: 10    XL:     5   Next: 24%
Magic:  8/8        EV:  9    Int: 15    God:    Fedhas [**....]
Gold:   181        SH:  0    Dex: 14    Spells: 7/8 levels left

rFire   . . .      SeeInvis .      - Unarmed
rCold   . . .      Faith    .    (no shield)
rNeg    . . .      Spirit   .    l - +0 scale mail
rPois   .          Reflect  .    (no helmet)
rElec   .          Harm     .    (no cloak)
rCorr   .          Rampage  .    (no gloves)
Will    .....                    (no boots)
Stlth   ..........               o - amulet of magic regeneration
HPRegen 0.12/turn                (no ring)
MPRegen 0.51/turn                (no ring)

@: no status effects
A: (nimble swimmer 2), mertail
a: Renounce Religion, Wall of Briars


You were on level 4 of the Dungeon.
You worshipped Fedhas.
Fedhas was pleased with you.
You visited 1 branch of the dungeon, and saw 4 of its levels.

You collected 181 gold pieces.

Inventory:

Missiles
 n - 9 poisoned darts (quivered)
Armour
 a - a +0 robe
 l - a +0 scale mail (worn)
Jewellery
 o - an amulet of magic regeneration (around neck)
 u - a ring of fire
Scrolls
 c - 4 scrolls of noise {unknown}
 f - 2 scrolls of magic mapping {unknown}
 h - 2 scrolls of amnesia {unknown}
 i - a scroll of immolation {unknown}
 j - 2 scrolls of fog {unknown}
 k - 2 scrolls of identify {unknown}
 m - a scroll of acquirement {unknown}
 p - a scroll of teleportation {unknown}
 r - a scroll of torment {unknown}
 s - a scroll of brand weapon {unknown}
 t - a scroll of fear {unknown}
Potions
 b - a potion of lignification
 d - a potion of mutation {unknown}
 e - 2 potions of curing {unknown}
 g - 2 potions of flight {unknown}
 q - a potion of attraction {unknown}
 v - a potion of degeneration {unknown}


   Skills:
 - Level 1.1 Fighting
 - Level 2.6 Dodging
 + Level 6.3 Unarmed Combat
 - Level 2.0 Spellcasting
 - Level 2.6 Transmutations


You had 7 spell levels left.
You knew the following spells:

 Your Spells              Type           Power      Damage    Failure   Level
a - Beastly Appendage     Tmut           18%        N/A       47%         1

Your spell library contained the following spells:

 Spells                   Type           Power      Damage    Failure   Level
 Wereblood                Tmut           9%         N/A       63%         2
 Necrotise                Necr           4%         1d4       85%         1
 Spider Form              Tmut/Pois      5%         N/A       95%         3
 Ozocubu's Armour         Ice            1%         N/A       99%         3
 Vampiric Draining        Necr           1%         2d6       99%         3
 Ice Form                 Ice/Tmut       5%         N/A       100%        4
 Agony                    Necr           1%         N/A       100%        5
 Metabolic Englaciation   Hex/Ice        0%         N/A       100%        5
 Simulacrum               Ice/Necr       0%         N/A       100%        6


Dungeon Overview and Level Annotations

Branches:
Dungeon (4/15)
 Temple: D:4-7

Altars:
Fedhas
Xom


Innate Abilities, Weirdness & Mutations

((You are very nimble when in or above water. (Stealth+, EV+, Speed+++)))
Your lower body shifts to a powerful aquatic tail in water.


Message History

You closely miss the black bear.
The black bear is heavily wounded.
The black bear looks more healthy.
The black bear barely misses you. The black bear claws you. x2
You hit the black bear.
The black bear is severely wounded.
The black bear goes berserk!
You hit the black bear.
The black bear is almost dead.
The black bear bites you! The black bear barely misses you.
The black bear claws you but does no damage.
You are too injured to fight recklessly!
You barely miss the black bear.
The black bear is almost dead.
The black bear barely misses you.
The black bear claws you but does no damage. x2
You hit the black bear but do no damage.
The black bear is almost dead.
The black bear barely misses you. The black bear closely misses you.
The black bear claws you.
You hit the black bear but do no damage.
The black bear is almost dead.
The black bear closely misses you. The black bear claws you.
* * * LOW HITPOINT WARNING * * *
The black bear claws you but does no damage.
The black bear closely misses you. The black bear barely misses you. x2
You closely miss the black bear.
The black bear is almost dead.
The black bear bites you.
* * * LOW HITPOINT WARNING * * *
The black bear claws you.
* * * LOW HITPOINT WARNING * * *
The black bear barely misses you.
You hit the black bear but do no damage.
The black bear is almost dead.
The black bear bites you.
* * * LOW HITPOINT WARNING * * *
The black bear closely misses you. The black bear claws you.
You die...
Fedhas appreciates your contribution to the ecosystem.

#.#.#######.#........#.#
#.#.......#.##.#######.#
#.#.#####.#.##.# #.#
#.#.#####......# #.#
#.#.......#.#### #.#
#.#######.#.# #.#
#.........#.# #.#
###########.# #<# #@#
### #.hc..... #########


You could see a black bear (berserk) and a centaur.

Vanquished Creatures
  An ogre (D:4)
  An adder (D:3)
  3 worms
  4 ball pythons
  3 bats (D:1)
  4 endoplasms
  2 giant cockroaches (D:1)
  A hobgoblin (D:2)
  4 jackals (D:1)
  4 quokkas
  2 frilled lizards (D:1)
  4 goblins
  3 kobolds
  4 rats (D:1)
40 creatures vanquished.

Notes
Turn   | Place    | Note
-------+----------+-------------------------------------------
     0 | D:1      | Plasmagod the Merfolk Transmuter began the quest for the
                  | Orb.
     0 | D:1      | Reached XP level 1. HP: 15/15 MP: 3/3
   396 | D:1      | Found a faded altar of an unknown god.
   418 | D:1      | Prayed at the altar of an unknown god.
   418 | D:1      | Became a worshipper of Fedhas Madash
   418 | D:1      | Reached * piety under Fedhas
   645 | D:1      | Reached XP level 2. HP: 19/21 MP: 3/5
   704 | D:1      | Reached skill level 4 in Unarmed Combat
  1163 | D:1      | Reached XP level 3. HP: 26/26 MP: 6/6
  1491 | D:2      | Reached ** piety under Fedhas
  2319 | D:2      | Identified the +1 leather armour of the Aged Seers {Will-
                  | rCorr Int+7}
  2428 | D:3      | Reached skill level 5 in Unarmed Combat
  2638 | D:3      | Found a shimmering altar of Xom.
  2768 | D:3      | Reached XP level 4. HP: 25/32 MP: 7/7
  3170 | D:4      | Noticed an ogre
  3182 | D:4      | Killed an ogre
  3183 | D:4      | Reached skill level 6 in Unarmed Combat
  3183 | D:4      | Reached XP level 5. HP: 24/37 MP: 8/8
  3425 | D:4      | Noticed a black bear
  3427 | D:4      | Noticed a centaur
  3439 | D:4      | Slain by a black bear

Illustrated notes

Levels and vault maps discovered:
D:1:      elethiomel_arrival_maze, layout_basic, ebering_ecumenical_altar_box
D:2:      layout_basic, minivault_23
D:3:      layout_basic, lemuel_tele_altar, dk_noncrumbling_4
D:4:      layout_basic, kennysheep_orc_sif_temple, tgw_kikubaaqudgha,
          serial_shops, shop, nicolae_shop_hallway_plus,
          nicolae_shop_waterfront, solitary_fountain

Skill      XL: |  1  2  3  4 |
---------------+-------------+-----
Unarmed Combat | 4 5 6 |  6.3
Fighting       | |  1.1
Dodging        | |  2.6
Spellcasting   | |  2.0
Transmutations | |  2.6

Action                   |  1- 3 |  4- 6 || total
-------------------------+-------+-------++-------
Melee: Unarmed           |   134 |    30 ||   164
       Headbutt          |    12 |       ||    12
       Punch             |     5 |       ||     5
Throw: Dart              |     1 |     7 ||     8
 Cast: Beastly Appendage |    17 |       ||    17
 Stab: Sleeping          |     1 |       ||     1
Armor: Robe              |    15 |       ||    15
       Scale mail        |    22 |    18 ||    40
Dodge: Dodged            |    69 |    20 ||    89

Table legend: (Time is in decaauts)
 A = Elapsed time spent in this place.
 B = Non-inter-level travel time spent in this place.
 C = Inter-level travel time spent in this place.
 D = Time resting spent in this place.
 E = Time spent auto-exploring this place.
 F = Levels seen in this place.
 G = Mean time per level.
                   A        B        C        D        E       F      G
               +--------+--------+--------+--------+--------+-----+--------+
         Total |   3423 |   3283 |    140 |      0 |   2912 |   4 |  855.8 |
       Dungeon |   3423 |   3283 |    140 |      0 |   2912 |   4 |  855.8 |
               +--------+--------+--------+--------+--------+-----+--------+

Top non-repeatable levels by time:
     D:1: 1414 daAuts
     D:2: 983 daAuts
     D:3: 753 daAuts
     D:4: 273 daAuts
